 Dungeon Crawl Stone Soup version 0.21-a0-128-gf2b353c (webtiles) character file.

12 Kythnos the Sneak (level 2, -3/13 HPs)
             Began as a Spriggan Enchanter on July 17, 2017.
             Slain by a goblin
             ... wielding a +0 whip
              (4 damage)
             ... on level 1 of the Dungeon.
             The game lasted 00:01:47 (587 turns).

Kythnos the Sneak (Spriggan Enchanter)               Turns: 587, Time: 00:01:47

Health: -3/13      AC:  2    Str:  4    XL:     2   Next: 20%
Magic:  1/7        EV: 18    Int: 16    God:
Gold:   7          SH:  0    Dex: 16    Spells: 4/7 levels left

rFire    . . .     SeeInvis +   a - +1 dagger
rCold    . . .     Gourm    .   (shield restricted)
rNeg     . . .     Faith    .   b - +0 robe
rPois    .         Spirit   .   (helmet restricted)
rElec    .         Reflect  .   (no cloak)
rCorr    .         Harm     .   (gloves unavailable)
MR       .....                  (boots unavailable)
Stlth    +++.......             (no amulet)
HPRegen  0.04/turn              (no ring)
MPRegen  0.10/turn              (no ring)

@: very slightly contaminated, very quick
A: unfitting armour, see invisible, herbivore 3, speed 3, slow metabolism 2
a: no special abilities


You were on level 1 of the Dungeon.
You were not hungry.

You visited 1 branch of the dungeon, and saw 1 of its levels.

You collected 7 gold pieces.

Inventory:

Hand Weapons
 a - a +1 dagger (weapon)
Armour
 b - a +0 robe (worn)
Scrolls
 e - a scroll of identify {unknown}
 f - a scroll of enchant weapon {unknown}
 g - a scroll of teleportation {unknown}
Books
 c - a book of Maledictions

   Spells                             Type                      Level
   a - Corona                         Hexes                        1
   b - Ensorcelled Hibernation        Hexes/Ice                    2
   c - Confuse                        Hexes                        3
   d - Tukima's Dance                 Hexes                        3
   e - Dazzling Spray                 Conjuration/Hexes            3
Comestibles
 d - a bread ration


   Skills:
 - Level 1.1 Short Blades
 - Level 3.0 Dodging
 - Level 4.4 Stealth
 + Level 3.3 Spellcasting
 + Level 4.0 Hexes


You had 4 spell levels left.
You knew the following spells:

 Your Spells              Type           Power        Failure   Level  Hunger
a - Ensorcelled Hibernat  Hex/Ice        #.....       12%         2    ##.....
b - Corona                Hex            ###....      3%          1    None


Dungeon Overview and Level Annotations

Branches:
Dungeon (1/15)

Altars:


Innate Abilities, Weirdness & Mutations

You are very small and have problems with some larger weapons.
You are too small for most types of armour.
You have supernaturally acute eyesight. (SInv)
You are a herbivore.
You cover ground extremely quickly.
You need consume almost no food.


Message History

Confirm with . or Enter, or press ? or * to list all spells.
Aiming: Corona
Press: ? - help, Shift-Dir - straight line, f/p - goblin
Aim: a goblin, wielding a whip (chance to defeat MR: 69%)
The goblin is outlined in light.
The goblin completely misses you.
You hit the goblin but do no damage. The goblin hits you with a whip.
You barely miss the goblin. You barely miss the goblin.
The goblin hits you with a whip.
* * * LOW HITPOINT WARNING * * *
You hit the goblin.
The goblin is moderately wounded.
The goblin closely misses you.
You hit the goblin.
The goblin is severely wounded.
The goblin hits you with a whip.
* * * LOW HITPOINT WARNING * * *
You barely miss the goblin.
The goblin is severely wounded.
The goblin hits you with a whip.
You die...

#####..............##.##.
##..........#>......##.##.
##..........###......K#.##.
#..(........<#........$..†.
#.....................#.###
##........#.......#..#...#
#........###.....###......# #
#.........#.g.....#...#...#
#.####.#........@.........##...#
...................#..######.....
...###....†)......##..# #..#.#
.#............†..###.##
......................
######........%..###.#
####...$.....## ...............
###........#.###


You could see a goblin.

Vanquished Creatures
  A dart slug (D:1)
  A goblin (D:1)
  2 hobgoblins (D:1)
  2 jackals (D:1)
  A kobold (D:1)
  2 rats (D:1)
9 creatures vanquished.

Notes
Turn   | Place    | Note
-------+----------+-------------------------------------------
     0 | D:1      | Kythnos the Spriggan Enchanter began the quest for the Orb.
     0 | D:1      | Reached XP level 1. HP: 9/9 MP: 5/5
   385 | D:1      | Reached XP level 2. HP: 8/13 MP: 5/7
   466 | D:1      | Learned a level 2 spell: Ensorcelled Hibernation
   587 | D:1      | Slain by a goblin

Vault maps used:
D:1:      minmay_arrival_five_plusses

Skill      XL: |  1  2 |
---------------+-------+-----
Spellcasting   | 3 |  3.3
Hexes          | 4 |  4.0
Short Blades   | |  1.1
Dodging        | |  3.0
Stealth        | |  4.4

Action                   || total
-------------------------++-------
Melee: Dagger            ||    60
 Cast: Corona            ||     9
 Stab: Sleeping          ||     1
Armor: Robe              ||     5
Dodge: Dodged            ||    51
